TOP OF THE 1ST |
Jersey City Sun Caps batting - Pitching for Port Royal Disaster : RHP Reynaldo Ortíz
|
Pitching: RHP Reynaldo Ortíz
|
|
Batting: RHB Oscar Lewis
|
0-0: Called Strike 0-1: Foul Ball, location: 2F 0-2: Hit by Pitch
|
Batting: RHB Jonah Moody
|
0-0: Called Strike 0-1: Ball 1-1: Ball 2-1: Ball 3-1: Base on Balls Oscar Lewis to second
|
Batting: RHB Brandon Reed
|
0-0: Called Strike 0-1: Ball Balk! Oscar Lewis to third Jonah Moody to second 1-1: Ball 2-1: Called Strike 2-2: Ground out 6-3 (Groundball, 6) Oscar Lewis scores
|
Batting: LHB Miguel Martínez
|
0-0: Ball 1-0: Ball 2-0: Ground out 4-3 (Groundball, 34) Jonah Moody to third
|
Batting: RHB Tony Quintana
|
0-0: Called Strike 0-1: Ball 1-1: Swinging Strike 1-2: Foul Ball, location: 2F 1-2: Fly out, F8 (Flyball, 8LXD)
|
Top of the 1st over - 1 run(s), 0 hit(s), 0 error(s), 1 left on base; Jersey City 1 - Port Royal 0 |
BOTTOM OF THE 1ST |
Port Royal Disaster batting - Pitching for Jersey City Sun Caps : LHP Jim Unknown
|
Pitching: LHP Jim Unknown
|
|
Batting: LHB Chris Whiteside
|
0-0: Called Strike 0-1: Fly out, F9 (Flyball, 9LS)
|
Batting: SHB Tim Moss
|
0-0: Ball 1-0: Ball 2-0: Foul Ball, location: 2F 2-1: Ground out 2-3 (Groundball, 2R)
|
Batting: RHB Michael Riley
|
0-0: Called Strike 0-1: Ball 1-1: Ball 2-1: Called Strike 2-2: Foul Ball, location: 2F 2-2: Strikes out looking
|
Bottom of the 1st over - 0 run(s), 0 hit(s), 0 error(s), 0 left on base; Jersey City 1 - Port Royal 0 |
TOP OF THE 2ND |
Jersey City Sun Caps batting - Pitching for Port Royal Disaster : RHP Reynaldo Ortíz
|
Batting: LHB Rick Watson
|
0-0: Ball 1-0: Ball 2-0: Ball 3-0: Called Strike 3-1: Base on Balls
|
Batting: RHB Christian O'Neal
|
0-0: Ball 1-0: Called Strike 1-1: Foul Ball, location: 2F 1-2: Ball 2-2: Foul Ball, location: 2F 2-2: Ball 3-2: Grounds into double play, 5-4-3 (Groundball, 5)
|
Batting: RHB Christian O'Dell
|
0-0: Fly out, F4 (Popup, 34)
|
Top of the 2nd over - 0 run(s), 0 hit(s), 0 error(s), 0 left on base; Jersey City 1 - Port Royal 0 |
BOTTOM OF THE 2ND |
Port Royal Disaster batting - Pitching for Jersey City Sun Caps : LHP Jim Unknown
|
Batting: RHB Mike Green
|
0-0: Ball 1-0: Foul Ball, location: 2F 1-1: Ball 2-1: Called Strike 2-2: SINGLE (Groundball, 56D)
|
Batting: RHB Clement Fields
|
0-0: Swinging Strike 0-1: Ball 1-1: Called Strike 1-2: Grounds into double play, U6-3 (Groundball, 6M)
|
Batting: LHB Keith McKnight
|
0-0: Ball 1-0: Swinging Strike 1-1: Ball 2-1: Foul Ball, location: 2F 2-2: Foul Ball, location: 2F 2-2: Ground out U3 (Groundball, 3)
|
Bottom of the 2nd over - 0 run(s), 1 hit(s), 0 error(s), 0 left on base; Jersey City 1 - Port Royal 0 |
TOP OF THE 3RD |
Jersey City Sun Caps batting - Pitching for Port Royal Disaster : RHP Reynaldo Ortíz
|
Batting: RHB Enrique Echevarría
|
0-0: Ball 1-0: Ground out 5-3 (Groundball, 56)
|
Batting: RHB Oscar Lewis
|
0-0: Ball 1-0: Ball 2-0: Foul Ball, location: 2F 2-1: Foul Ball, location: 2F 2-2: Ball 3-2: Foul Ball, location: 2F 3-2: Base on Balls
|
Batting: RHB Jonah Moody
|
0-0: Called Strike Oscar Lewis steals 2nd base 0-1: Called Strike 0-2: Strikes out swinging
|
Batting: RHB Brandon Reed
|
0-0: SINGLE (Groundball, 56D) Oscar Lewis to third Runner from 3rd tries for Home, SAFE, no throw or cutoff
|
Batting: LHB Miguel Martínez
|
0-0: Foul Ball, location: 2F 0-1: Called Strike 0-2: Ball 1-2: Foul Ball, location: 2F 1-2: Ball Brandon Reed steals 2nd base 2-2: SINGLE (Line Drive, 7S) Brandon Reed to third
|
Batting: RHB Tony Quintana
|
0-0: Ground out 5-3 (Groundball, 5L)
|
Top of the 3rd over - 1 run(s), 2 hit(s), 0 error(s), 2 left on base; Jersey City 2 - Port Royal 0 |
BOTTOM OF THE 3RD |
Port Royal Disaster batting - Pitching for Jersey City Sun Caps : LHP Jim Unknown
|
Batting: RHB Stu Shaw
|
0-0: Called Strike 0-1: Foul Ball, location: 2F 0-2: Ball 1-2: Strikes out swinging
|
Batting: RHB Wayne Rose
|
0-0: Ball 1-0: SOLO HOME RUN (Flyball, 7D), Distance : 364 ft
|
Batting: RHB Brian Olivares
|
0-0: Ball 1-0: Ball 2-0: Ball 3-0: Called Strike 3-1: Foul Ball, location: 2F 3-2: Base on Balls
|
Batting: LHB Chris Whiteside
|
0-0: Ball 1-0: Ball 2-0: Called Strike 2-1: Fly out, F8 (Flyball, 8LM)
|
Batting: SHB Tim Moss
|
0-0: Called Strike 0-1: Ball 1-1: Ball 2-1: SINGLE (Groundball, 5L) Brian Olivares to second
|
Batting: RHB Michael Riley
|
0-0: Ball 1-0: Ball 2-0: Ball 3-0: Base on Balls Brian Olivares to third Tim Moss to second
|
Batting: RHB Mike Green
|
0-0: Ball 1-0: Ball 2-0: SINGLE (Groundball, 6MD) Brian Olivares scores Tim Moss to third Michael Riley to second Runner from 3rd tries for Home, SAFE, no throw or cutoff
|
Batting: RHB Clement Fields
|
0-0: Foul Ball, location: 2F 0-1: Called Strike 0-2: Ball 1-2: Foul Ball, location: 2F 1-2: Foul Ball, location: 2F 1-2: Foul Ball, location: 2F 1-2: Ball 2-2: Ball 3-2: SINGLE (Groundball, 6MD) Michael Riley to third Mike Green to second Michael Riley scores Mike Green to third
|
Batting: LHB Keith McKnight
|
0-0: Ball 1-0: Ball 2-0: Foul Ball, location: 2F 2-1: SINGLE (Line Drive, 4MD) Mike Green scores Clement Fields to second
|
Batting: RHB Stu Shaw
|
0-0: Ball 1-0: Foul Ball, location: 2F 1-1: Foul Ball, location: 2F 1-2: Ground out 5-3 (Groundball, 56S)
|
Bottom of the 3rd over - 5 run(s), 5 hit(s), 0 error(s), 2 left on base; Jersey City 2 - Port Royal 5 |
TOP OF THE 4TH |
Jersey City Sun Caps batting - Pitching for Port Royal Disaster : RHP Reynaldo Ortíz
|
Batting: LHB Rick Watson
|
0-0: Ball 1-0: Ground out 4-3 (Groundball, 4S)
|
Batting: RHB Christian O'Neal
|
0-0: Ball 1-0: Swinging Strike 1-1: Foul Ball, location: 2F 1-2: Foul Ball, location: 2F 1-2: Ball 2-2: Ball 3-2: Foul Ball, location: 2F 3-2: Foul Ball, location: 2F 3-2: Ground out 6-3 (Groundball, 6)
|
Batting: RHB Christian O'Dell
|
0-0: Ball 1-0: SINGLE (Line Drive, 56D)
|
Batting: RHB Enrique Echevarría
|
0-0: Foul Ball, location: 2F 0-1: Ball 1-1: Ball 2-1: Ball 3-1: Base on Balls Christian O'Dell to second
|
Batting: RHB Oscar Lewis
|
0-0: Ball 1-0: Ground out 6-3 (Groundball, 6)
|
Top of the 4th over - 0 run(s), 1 hit(s), 0 error(s), 2 left on base; Jersey City 2 - Port Royal 5 |
BOTTOM OF THE 4TH |
Port Royal Disaster batting - Pitching for Jersey City Sun Caps : LHP Jim Unknown
|
Batting: RHB Wayne Rose
|
0-0: Fly out, F4 (Popup, 4S)
|
Batting: RHB Brian Olivares
|
0-0: Ball 1-0: Ground out 6-3 (Groundball, 6)
|
Batting: LHB Chris Whiteside
|
0-0: Foul Ball, location: 2F 0-1: Ball 1-1: Swinging Strike 1-2: SINGLE (Line Drive, 6M)
|
Batting: SHB Tim Moss
|
0-0: Called Strike Chris Whiteside is caught stealing 2nd base
|
Bottom of the 4th over - 0 run(s), 1 hit(s), 0 error(s), 0 left on base; Jersey City 2 - Port Royal 5 |
TOP OF THE 5TH |
Jersey City Sun Caps batting - Pitching for Port Royal Disaster : RHP Reynaldo Ortíz
|
Batting: RHB Jonah Moody
|
0-0: Ball 1-0: Swinging Strike 1-1: Ball 2-1: Ball 3-1: Called Strike 3-2: Foul Ball, location: 2F 3-2: Ground out 6-3 (Groundball, 6S)
|
Batting: RHB Brandon Reed
|
0-0: Ball 1-0: Called Strike 1-1: Swinging Strike 1-2: Fly out, F7 (Flyball, 7D)
|
Batting: LHB Miguel Martínez
|
0-0: Foul Ball, location: 2F 0-1: Swinging Strike 0-2: Ball 1-2: Strikes out looking
|
Top of the 5th over - 0 run(s), 0 hit(s), 0 error(s), 0 left on base; Jersey City 2 - Port Royal 5 |
BOTTOM OF THE 5TH |
Port Royal Disaster batting - Pitching for Jersey City Sun Caps : LHP Jim Unknown
|
Batting: SHB Tim Moss
|
0-0: Foul Ball, location: 2F 0-1: Ball 1-1: Ball 2-1: SINGLE (Line Drive, 78S)
|
Batting: RHB Michael Riley
|
0-0: Ball 1-0: Called Strike 1-1: Fly out, F9 (Flyball, 9D)
|
Batting: RHB Mike Green
|
0-0: Swinging Strike 0-1: Ground out 5-3 (Groundball, 56S) Tim Moss to second
|
Batting: RHB Clement Fields
|
0-0: Ball 1-0: Called Strike 1-1: SINGLE (Line Drive, 7LM) Tim Moss to third
|
Batting: LHB Keith McKnight
|
0-0: Called Strike 0-1: Called Strike 0-2: Ball 1-2: Strikes out swinging
|
Bottom of the 5th over - 0 run(s), 2 hit(s), 0 error(s), 2 left on base; Jersey City 2 - Port Royal 5 |
TOP OF THE 6TH |
Jersey City Sun Caps batting - Pitching for Port Royal Disaster : RHP Reynaldo Ortíz
|
Batting: RHB Tony Quintana
|
0-0: Ball 1-0: Foul Ball, location: 2F 1-1: Ball 2-1: Ball 3-1: Foul Ball, location: 2F 3-2: Fly out, F6 (Popup, 4M)
|
Batting: LHB Rick Watson
|
0-0: Foul Ball, location: 2F 0-1: Ball 1-1: Foul Ball, location: 2F 1-2: SINGLE (Line Drive, 34)
|
Batting: RHB Christian O'Neal
|
0-0: Ball 1-0: Ball 2-0: Called Strike 2-1: SINGLE (Line Drive, 8LS) Rick Watson to second
|
Batting: RHB Christian O'Dell
|
0-0: Fly out, F6 (Line Drive, 6) 0-0: Fly out, F6 (Line Drive, 6)
|
Batting: RHB Enrique Echevarría
|
0-0: Called Strike 0-1: Ball 1-1: Fly out, F8 (Flyball, 8LM)
|
Top of the 6th over - 0 run(s), 2 hit(s), 0 error(s), 2 left on base; Jersey City 2 - Port Royal 5 |
BOTTOM OF THE 6TH |
Port Royal Disaster batting - Pitching for Jersey City Sun Caps : LHP Jim Unknown
|
Batting: RHB Stu Shaw
|
0-0: Fly out, F2 (Popup, 2LF)
|
Batting: RHB Wayne Rose
|
0-0: Foul Ball, location: 2F 0-1: Ball 1-1: Ball 2-1: Ground out 4-3 (Groundball, 34)
|
Batting: RHB Brian Olivares
|
0-0: Foul Ball, location: 2F 0-1: Called Strike 0-2: Ball 1-2: Ball 2-2: Ball 3-2: SINGLE (Groundball, 56D)
|
Batting: LHB Chris Whiteside
|
0-0: Ball 1-0: Called Strike 1-1: Ball 2-1: Foul Ball, location: 2F 2-2: Strikes out swinging
|
Bottom of the 6th over - 0 run(s), 1 hit(s), 0 error(s), 1 left on base; Jersey City 2 - Port Royal 5 |
TOP OF THE 7TH |
Jersey City Sun Caps batting - Pitching for Port Royal Disaster : RHP Reynaldo Ortíz
|
Batting: RHB Oscar Lewis
|
0-0: Ball 1-0: Foul Ball, location: 2F 1-1: Ball 2-1: Ball 3-1: Base on Balls
|
Pitching: RHP Clyde Bowman
|
|
Batting: RHB Jonah Moody
|
0-0: Swinging Strike 0-1: Sac Bunt - play at first, batter OUT! 5-3 Oscar Lewis to second
|
Batting: RHB Brandon Reed
|
0-0: Ball 1-0: Swinging Strike 1-1: Foul Ball, location: 2F 1-2: Ground out 5-3 (Groundball, 5L)
|
Batting: LHB Miguel Martínez
|
0-0: Ball 1-0: 2-RUN HOME RUN (Flyball, 89XD), Distance : 415 ft
|
Batting: RHB Tony Quintana
|
0-0: SINGLE (Groundball, 56D)
|
Batting: LHB Rick Watson
|
0-0: Ground out 4-3 (Groundball, 34)
|
Top of the 7th over - 2 run(s), 2 hit(s), 0 error(s), 1 left on base; Jersey City 4 - Port Royal 5 |
BOTTOM OF THE 7TH |
Port Royal Disaster batting - Pitching for Jersey City Sun Caps : LHP Jim Unknown
|
Batting: SHB Tim Moss
|
0-0: Ball 1-0: Called Strike 1-1: SINGLE (Line Drive, 56)
|
Batting: RHB Michael Riley
|
0-0: Ball 1-0: Ball 2-0: Ground out 5-3 (Groundball, 56S) Tim Moss to second
|
Batting: RHB Mike Green
|
0-0: Intentional Walk
|
Pinch Hitting: RHB Toshitsugu Sakamoto
|
0-0: Foul Ball, location: 2F 0-1: Ball 1-1: Grounds into double play, 5-4-3 (Groundball, 56)
|
Bottom of the 7th over - 0 run(s), 1 hit(s), 0 error(s), 1 left on base; Jersey City 4 - Port Royal 5 |
TOP OF THE 8TH |
Jersey City Sun Caps batting - Pitching for Port Royal Disaster : RHP Clyde Bowman
|
Now at 3B: Nelson Sanders
|
|
Now in LF: George Best
|
|
Now in CF: Floyd Banks
|
|
Batting: RHB Christian O'Neal
|
0-0: Ball 1-0: Foul Ball, location: 2F 1-1: Called Strike 1-2: SINGLE (Line Drive, 56)
|
Batting: RHB Christian O'Dell
|
0-0: Ball 1-0: Bunted foul 1-1: Bunted foul 1-2: Fly out, F8 (Flyball, 8LM)
|
Batting: RHB Enrique Echevarría
|
0-0: Ball 1-0: Ball 2-0: Called Strike 2-1: Foul Ball, location: 2F 2-2: Ball 3-2: Fielders Choice at 2nd, 5-4 (Groundball, 5L)
|
Batting: RHB Oscar Lewis
|
0-0: Foul Ball, location: 2F 0-1: Called Strike 0-2: Ball 1-2: Foul Ball, location: 2F 1-2: Fly out, F2 (Popup, 2RF)
|
Top of the 8th over - 0 run(s), 1 hit(s), 0 error(s), 1 left on base; Jersey City 4 - Port Royal 5 |
BOTTOM OF THE 8TH |
Port Royal Disaster batting - Pitching for Jersey City Sun Caps : LHP Jim Unknown
|
Batting: LHB Keith McKnight
|
0-0: Fly out, F8 (Flyball, 78D)
|
Batting: RHB Stu Shaw
|
0-0: Swinging Strike 0-1: Called Strike 0-2: Ball 1-2: Ball 2-2: Foul Ball, location: 2F 2-2: Strikes out swinging
|
Batting: RHB Wayne Rose
|
0-0: Ball 1-0: Called Strike 1-1: Ball 2-1: Ball 3-1: Called Strike 3-2: Ground out 6-3 (Groundball, 6M)
|
Bottom of the 8th over - 0 run(s), 0 hit(s), 0 error(s), 0 left on base; Jersey City 4 - Port Royal 5 |
TOP OF THE 9TH |
Jersey City Sun Caps batting - Pitching for Port Royal Disaster : RHP Clyde Bowman
|
Pitching: LHP António Venegas
|
|
Now at 1B: Fred Rice
|
|
Batting: RHB Jonah Moody
|
0-0: Ball 1-0: Foul Ball, location: 2F 1-1: Foul Ball, location: 2F 1-2: Ground out 5-3 (Groundball, 56)
|
Batting: RHB Brandon Reed
|
0-0: Foul Ball, location: 2F 0-1: Called Strike 0-2: SINGLE (Line Drive, 89S)
|
Batting: LHB Miguel Martínez
|
0-0: Called Strike 0-1: Grounds into double play, 4-6-3 (Groundball, 4)
|
Top of the 9th over - 0 run(s), 1 hit(s), 0 error(s), 0 left on base; Jersey City 4 - Port Royal 5 |
|